 Dungeon Crawl Stone Soup version 0.31.0-12-g77e489cdc1 (webtiles) character file.

Game seed: 14289287641992325324

691 jagang the Slasher (level 7, -2/54 (56) HPs)
             Began as a Human Monk on Mar 5, 2024.
             Slain by an orc warrior
             ... wielding a +0 trident
              (5 damage)
             ... on level 6 of the Dungeon.
             The game lasted 00:08:12 (4157 turns).

jagang the Slasher (Human Monk)                     Turns: 4157, Time: 00:08:12

HP:   -2/54 (56)    AC: 15    Str: 12    XL:     7   Next: 63%
MP:   7/7           EV:  4    Int: 12    God:
Gold: 78            SH:  0    Dex: 17    Spells: 6/6 levels left

rFire   . . .        x - +3 short sword "Ythrurer" {freeze, Int+2 Stlth+}
rCold   . . .        d - orb {light}
rNeg    . . .        j - +0 plate armour
rPois   +            (no helmet)
rElec   .            (no cloak)
rCorr   .            (no gloves)
SInv    .            (no boots)
Will    .....        f - amulet of regeneration Stlth
                     g - ring of poison resistance
HPRegen 1.09/turn    o - +4 ring of protection
MPRegen 0.10/turn

%: no passive effects
@: glowing, lightly drained
A: explore regen
a: no special abilities


You were on level 6 of the Dungeon.
You visited 1 branch of the dungeon, and saw 6 of its levels.

You collected 286 gold pieces.
You spent 208 gold pieces at shops.

Inventory:

Hand Weapons
 a - a +0 falchion
 r - the +8 mace "Vingapaf" {flame, rF++ Stlth+}
   (You found it on level 3 of the Dungeon)

   rF++:      It greatly protects you from fire.
   Stlth+:    It makes you more stealthy.
 x - the +3 short sword "Ythrurer" (weapon) {freeze, Int+2 Stlth+}
   (You found it on level 4 of the Dungeon)

   Int+2:     It affects your intelligence (+2).
   Stlth+:    It makes you more stealthy.
Missiles
 i - 2 boomerangs (quivered)
 p - 6 atropa-tipped darts
Armour
 b - a +0 ring mail
 d - an orb of light (worn)
 j - a +0 plate armour (worn)
Jewellery
 f - an amulet of regeneration (around neck)
 g - a ring of poison resistance (left hand)
 o - a +4 ring of protection (right hand)
 y - a ring of protection from fire
Scrolls
 e - 3 scrolls of teleportation
 l - 2 scrolls of fear {unknown}
 m - a scroll of revelation {unknown}
 q - a scroll of summoning {unknown}
 s - 2 scrolls of noise {unknown}
 v - 2 scrolls of identify {unknown}
 B - a scroll of enchant weapon {unknown}
 C - a scroll of immolation {unknown}
 D - a scroll of brand weapon {unknown}
Potions
 c - 2 potions of ambrosia
 h - 2 potions of degeneration {unknown}
 k - a potion of magic {unknown}
 n - 4 potions of curing
 t - 2 potions of mutation {unknown}
 u - a potion of brilliance {unknown}
 w - 2 potions of heal wounds
 z - a potion of might
 A - a potion of lignification


   Skills:
 * Level 5.3 Fighting
 * Level 5.3 Long Blades
 * Level 3.9 Armour
 - Level 3.0 Dodging
 + Level 2.7 Shields


You had 6 spell levels left.
You didn't know any spells.
Your spell library contained the following spells:

 Spells                   Type           Power      Damage    Failure   Level
 Freeze                   Ice            0%         1d3       100%        1
 Blink                    Tloc           0%         N/A       100%        2
 Lesser Beckoning         Tloc           0%         N/A       100%        2
 Momentum Strike          Conj/Tloc      0%         3d8       100%        2
 Dazzling Flash           Conj/Hex       0%         N/A       100%        3
 Frozen Ramparts          Ice            0%         1d1       100%        3
 Hailstorm                Conj/Ice       0%         3d5       100%        3
 Inner Flame              Hex/Fire       0%         N/A       100%        3
 Volatile Blastmotes      Fire/Tloc      0%         2d10      100%        3
 Flame Wave               Conj/Fire      0%         2d4       100%        4
 Sticky Flame             Fire/Alch      0%         2d4       100%        4
 Starburst                Conj/Fire      0%         6d3       100%        6
 Maxwell's Capacitive Co  Air            0%         ∞         100%        8


Dungeon Overview and Level Annotations

Branches:
Dungeon (6/15)
 Temple: D:4-7

Altars:
Ashenzari
Uskayaw
Wu Jian
Xom

Shops:
D:5 !

Annotations:
D:4 3 runed translucent doors, seawaffle's ghost, amateur GrFi


Innate Abilities, Weirdness & Mutations

You regain HP and MP as you explore.


Message History

You hit the orc warrior. You freeze the orc warrior.
The orc warrior is moderately wounded.
You hit the orc warrior. You freeze the orc warrior.
The orc warrior is moderately wounded.
The orc warrior hits you with a +0 trident.
You hit the orc warrior. You freeze the orc warrior.
The orc warrior is heavily wounded.
The orc warrior hits you with a +0 trident!
You hit the orc warrior. You freeze the orc warrior.
The orc warrior is heavily wounded.
The orc warrior hits you with a +0 trident.
You hit the orc warrior but do no damage.
The orc warrior is heavily wounded.
The orc warrior hits you with a +0 trident.
You hit the orc warrior. You freeze the orc warrior.
The orc warrior is severely wounded.
The orc warrior hits you with a +0 trident.
You barely miss the orc warrior.
The orc warrior is severely wounded.
You hit the orc warrior. You freeze the orc warrior.
The orc warrior is almost dead.
The orc warrior hits you with a +0 trident!
You are too injured to fight recklessly!
You are too injured to fight recklessly!
You barely miss the orc warrior.
The orc warrior is almost dead.
The orc warrior barely misses you.
You hit the orc warrior. You freeze the orc warrior.
The orc warrior is almost dead.
The orc warrior hits you with a +0 trident!
* * * LOW HITPOINT WARNING * * *
You hit the orc warrior but do no damage.
The orc warrior is almost dead.
An orc priest comes into view. It is wielding a +0 hand axe.
The orc warrior hits you with a +0 trident!
* * * LOW HITPOINT WARNING * * *
You hit the orc warrior but do no damage.
The orc warrior is almost dead.
The orc warrior hits you with a +0 trident.
You die...

.............###.
.........#.......
.###.#.###.#..)..
#.#.#.....#)#.
### #
#.#######.#. .o#
#.#. #o# #.#. #
#o# #.## #.#@#
#... ##.#'#######
#### #..........#
#...
#..........##
#<##
#......<....# ###
#......♣♣...♣♣ .
#......♣.._..♣ ..
#......♣.....♣ ##
##......♣♣♣♣♣♣♣


You could see an orc warrior, an orc wizard (invisible) and an orc.

Vanquished Creatures
  A scorpion (D:4)
  3 wights (D:6)
  A howler monkey (D:5)
  2 hounds (D:4)
  2 orc priests (D:3)
  4 iguanas
  2 orc wizards
  A gnoll (D:4)
  8 adders
  A white imp (D:5)
  A ribbon worm (D:2)
  3 dart slugs
  6 orcs
  5 bats
  5 endoplasms
  A giant cockroach (D:1)
  4 goblins
  8 hobgoblins
  4 jackals (D:1)
  2 quokkas
  9 ball pythons
  4 frilled lizards
  6 kobolds
  3 rats
86 creatures vanquished.

Notes
Turn   | Place    | Note
-------+----------+-------------------------------------------
     0 | D:1      | jagang the Human Monk began the quest for the Orb.
     0 | D:1      | Reached XP level 1. HP: 18/18 MP: 1/1
   211 | D:1      | Reached XP level 2. HP: 24/24 MP: 2/2
   482 | D:1      | Reached skill level 1 in Armour
   487 | D:1      | Reached XP level 3. HP: 26/29 MP: 3/3
   536 | D:1      | Found a faded altar of an unknown god.
  1357 | D:2      | Reached XP level 4. HP: 35/35 MP: 4/4
  1362 | D:2      | Reached skill level 1 in Shields
  1859 | D:3      | HP: 1/37 [orc priest/nerve-wracking pain (6)]
  1866 | D:3      | Reached XP level 5. HP: 19/42 MP: 5/5
  2273 | D:3      | Identified the +8 mace "Vingapaf" {flame, rF++ Stlth+}
  2691 | D:4      | Identified the +3 short sword "Ythrurer" {freeze, Int+2
                  | Stlth+}
  2730 | D:4      | Reached XP level 6. HP: 31/49 MP: 6/6
  2822 | D:4      | Found a hide-covered altar of Uskayaw.
  2843 | D:4      | Noticed seawaffle's ghost (amateur GrFi)
  3273 | D:4      | Found a runed translucent gate.
  3273 | D:4      | Found a runed translucent gate.
  3273 | D:4      | Found a runed translucent gate.
  3412 | D:5      | Entered Level 5 of the Dungeon
  3412 | D:5      | Found Yppima's Distillery.
  3431 | D:5      | Bought a potion of curing for 39 gold pieces
  3431 | D:5      | Bought a potion of curing for 39 gold pieces
  3431 | D:5      | Bought a potion of curing for 39 gold pieces
  3431 | D:5      | Bought a potion of might for 52 gold pieces
  3431 | D:5      | Bought a potion of lignification for 39 gold pieces
  3536 | D:5      | Identified the +0 robe of Ignis's Reproof {rCorr}
  3563 | D:5      | Reached XP level 7. HP: 39/55 MP: 7/7
  3781 | D:5      | Reached skill level 5 in Fighting
  3781 | D:5      | Reached skill level 5 in Long Blades
  3870 | D:5      | Found a broken altar of Ashenzari.
  3913 | D:5      | Found an ornate altar of the Wu Jian Council.
  4131 | D:6      | Found a shimmering altar of Xom.
  4156 | D:6      | HP: 2/54 [orc warrior/+0 trident (10)]
  4157 | D:6      | Slain by an orc warrior

Illustrated notes

Levels and vault maps discovered:
D:1:      nicolae_arrival_washed_ashore, layout_basic,
          nicolae_ecumenical_lake_church, minmay_misc_feat_more_columns,
          amethyst_killhole
D:2:      layout_basic
D:3:      layout_basic
D:4:      minmay_inner_zag, layout_loops_ring, nicolae_uskayaw_dance_hall,
          gammafunk_ghost_split
D:5:      layout_rooms, nzn_wu_jian_contemplation, mainiacjoe_overflow_alcove_2,
          serial_shops, nicolae_shop_industrial_runoff, minivault_25
D:6:      layout_basic, mainiacjoe_overflow_alcove_1, minmay_joined_circles

Skill      XL: |  1  2  3  4  5  6  7 |
---------------+----------------------+-----
Armour         | 1 2 3 |  3.9
Shields        | 1 2 |  2.7
Fighting       | 4 5 |  5.3
Long Blades    | 4 5 |  5.3
Dodging        | |  3.0

Action                     |  1- 3 |  4- 6 |  7- 9 || total
---------------------------+-------+-------+-------++-------
  Melee: Falchion          |    88 |    51 |       ||   139
         Mace              |       |    45 |       ||    45
         Short sword       |       |    10 |    83 ||    93
  Throw: Boomerang         |       |       |     4 ||     4
    Use: Potion            |       |     1 |       ||     1
         Scroll            |       |       |     1 ||     1
 Armour: Robe              |    31 |       |       ||    31
         Ring mail         |    24 |    42 |       ||    66
         Plate armour      |       |    53 |    67 ||   120
  Dodge: Dodged            |    63 |    43 |    12 ||   118
